 Dungeon Crawl Stone Soup version 0.30.0 (webtiles) character file.

Game seed: 15420255752104885169

8260 Ic0nGaming the Spear-Bearer (level 11, 0/82 HPs)
             Began as a Hill Orc Monk on May 6, 2023.
             Was a Believer of Beogh.
             Slain by a troll (7 damage)
             ... on level 10 of the Dungeon.
             The game lasted 00:16:52 (9718 turns).

Ic0nGaming the Spear-Bearer (Hill Orc Monk)         Turns: 9718, Time: 00:16:52

Health: 0/82       AC: 15    Str: 17    XL:     11   Next: 28%
Magic:  20/20      EV:  8    Int: 10    God:    Beogh [**....]
Gold:   1072       SH: 14    Dex: 21    Spells: 10/10 levels left

rFire   + . .        q - +5 trident (heavy)
rCold   + . .        l - +2 tower shield {rPois}
rNeg    . . .        C - +4 ring mail {rC+}
rPois   +            A - +2 hat {Will+}
rElec   .            h - +1 cloak
rCorr   .            b - +0 pair of gloves
SInv    +            e - +0 pair of boots
Will    +....        p - amulet of the acrobat
Stlth   +            d - ring of see invisible
HPRegen 0.33/turn    u - ring of the Several Geomancers {rF+ Dex+6}
MPRegen 0.17/turn

%: acrobat
@: no status effects
A: no striking features
a: Renounce Religion, Smiting


You were on level 10 of the Dungeon.
You worshipped Beogh.
Beogh was pleased with you.
You visited 1 branch of the dungeon, and saw 10 of its levels.
You also visited: Ossuary.

You collected 1072 gold pieces.

Inventory:

Hand Weapons
 q - a +5 heavy trident (weapon)
Missiles
 y - 19 poisoned darts (quivered)
Armour
 b - a +0 pair of gloves (worn)
 e - a +0 pair of boots (worn)
 h - a +1 cloak (worn)
 l - a +2 tower shield of poison resistance (worn)
 A - a +2 hat of willpower (worn)
 C - a +4 ring mail of cold resistance (worn)
Jewellery
 d - a ring of see invisible (left hand)
 p - an amulet of the acrobat (around neck)
 u - the ring of the Several Geomancers (right hand) {rF+ Dex+6}
   (You found it on level 4 of the Dungeon)

   [ring of dexterity]

   Dex:       It affects your dexterity (+6).
   rF:        It protects you from fire.
Wands
 k - a wand of flame (51)
 B - a wand of roots (23)
Scrolls
 i - 6 scrolls of teleportation
 r - 2 scrolls of fog
 s - a scroll of fear
Potions
 c - 2 potions of berserk rage {unknown}
 f - 3 potions of lignification
 g - 5 potions of invisibility
 j - a potion of brilliance {unknown}
 m - 3 potions of flight
 n - 2 potions of attraction {unknown}
 o - 2 potions of heal wounds {unknown}
 t - 3 potions of mutation
 v - 3 potions of haste
 w - 9 potions of curing
 x - 2 potions of ambrosia
 z - a potion of cancellation {unknown}


   Skills:
 - Level 3.6 Fighting
 - Level 10.9(14.4) Axes
 - Level 12.8(14.0) Polearms
 - Level 2.4 Dodging
 + Level 12.6 Invocations


You had 10 spell levels left.
You didn't know any spells.
Your spell library contained the following spells:

 Spells                   Type           Power      Damage    Failure   Level
 Ensorcelled Hibernation  Hex/Ice        0%         N/A       100%        2
 Passwall                 Tmut/Erth      0%         N/A       100%        2
 Swiftness                Air            0%         N/A       100%        3
 Volatile Blastmotes      Fire/Tloc      0%         2d10      100%        3
 Fulminant Prism          Conj/Hex       0%         3d5       100%        4
 Iskenderun's Mystic Bla  Conj/Tloc      0%         2d3       100%        4
 Lee's Rapid Deconstruct  Erth           0%         3d4*      100%        5


Dungeon Overview and Level Annotations

Branches:
Dungeon (10/15)            Temple (0/1) D:4             Orc (0/2) D:9
Ossuary (visited)
   Lair: D:8-11

Altars:
Ashenzari
Cheibriados
Dithmenos
Elyvilon
Nemelex Xobeh
Ru
Sif Muna
Uskayaw
Xom
Zin
Beogh

Shops:
D:2 :


Message History

The troll claws you but does no damage.
The two-headed ogre struggles against the net.
The troll barely misses you. The troll claws you. You block the troll's attack.
You hit the two-headed ogre.
The two-headed ogre is moderately wounded.
The troll bites you! You block the troll's attack. x2
The two-headed ogre struggles against the net.
You strike the helpless two-headed ogre from behind!
You impale the two-headed ogre!!
The two-headed ogre is severely wounded.
You block the troll's attack. The troll claws you but does no damage.
You block the troll's attack.
The two-headed ogre struggles against the net.
The net rips apart, and the two-headed ogre comes free!
You puncture the two-headed ogre!
The two-headed ogre is almost dead.
You block the troll's attack. The troll claws you.
You block the troll's attack. The two-headed ogre misses you.
The two-headed ogre completely misses you.
The troll closely misses you. The troll claws you but does no damage.
The troll completely misses you.
You puncture the two-headed ogre!
The two-headed ogre is almost dead.
You block the two-headed ogre's attack.
The two-headed ogre hits you with a +0 giant club!
The troll bites you! You block the troll's attack. The troll claws you.
You barely miss the two-headed ogre.
The two-headed ogre is almost dead.
You block the troll's attack. x2; The troll claws you but does no damage.
The two-headed ogre hits you with a +0 dire flail!!
* * * LOW HITPOINT WARNING * * *
The two-headed ogre barely misses you.
Unknown command.
You impale the two-headed ogre!!
You kill the two-headed ogre!
Beogh accepts your kill. The troll bites you!
* * * LOW HITPOINT WARNING * * *
The troll claws you!
You die...

# #
#..####.##
#....@T..#
#...))...#
##.......#
##.......#
##......#
##.....#
##....#
#.#>#


You could see a troll.

Vanquished Creatures
  Gastronok (D:8)
  2 two-headed ogres
  Joseph (D:8)
  Maurice (D:8)
  A gargoyle (D:7)
  A troll (D:6)
  2 wyverns
  4 steam dragons
  7 yaks (D:9)
  Edmund (D:6)
  5 orc warriors
  An ice beast (D:5)
  An ogre (D:5)
  2 black bears
  A sky beast (D:6)
  3 centaurs
  4 scorpions
  A bullfrog (D:9)
  6 wights
  7 killer bees (D:8)
  3 howler monkeys
  3 jellies
  Crazy Yiuf (D:2)
  7 hounds
  A gnoll bouda (D:6)
  An orc priest (D:9)
  3 sleepcaps
  2 iguanas
  5 orc wizards
  Robin (D:2)
  8 mummies (Ossuary)
  9 gnolls
  7 adders
  2 shadow imps
  3 white imps
  An ufetubus (D:4)
  3 worms
  5 dart slugs
  31 orcs
  4 ball pythons
  5 endoplasms
  3 giant cockroaches
  2 gnoll zombies (Ossuary)
  21 goblins
  7 hobgoblins
  16 kobolds
  8 quokkas
  6 bats
  5 frilled lizards
  2 hobgoblin zombies (Ossuary)
  3 kobold zombies (Ossuary)
  An orc zombie (Ossuary)
  4 rats
235 creatures vanquished.

Vanquished Creatures (collateral kills)
  A water moccasin (D:7)
  An orc warrior (D:8)
  A kobold brigand (D:8)
  A bullfrog (D:8)
  2 wights (D:7)
  3 killer bees (D:8)
  2 orc priests
  2 orc wizards
  An ufetubus (D:7)
  An orc (D:8)
  3 kobolds (D:8)
18 creatures vanquished.

Vanquished Creatures (others)
  3 orc warriors (D:8)
  2 orc priests (D:8)
  An orc wizard (D:8)
  4 orcs
  A ball python (D:4)
11 creatures vanquished.

Grand Total: 264 creatures vanquished

Notes
Turn   | Place    | Note
-------+----------+-------------------------------------------
     0 | D:1      | Ic0nGaming the Hill Orc Monk began the quest for the Orb.
     0 | D:1      | Reached XP level 1. HP: 19/19 MP: 1/1
   117 | D:1      | Reached XP level 2. HP: 26/26 MP: 2/2
   203 | D:1      | Reached skill level 5 in Axes
   250 | D:1      | Reached XP level 3. HP: 17/31 MP: 3/3
  1015 | D:2      | Noticed Robin
  1021 | D:2      | Reached XP level 4. HP: 38/39 MP: 4/4
  1046 | D:2      | Killed Robin
  1363 | D:2      | Reached XP level 5. HP: 32/45 MP: 5/5
  1484 | D:2      | Found Hiass's Vocational Training.
  1700 | D:2      | Found a runed translucent door.
  1701 | D:2      | Noticed Crazy Yiuf
  1821 | D:2      | Killed Crazy Yiuf
  2430 | D:3      | Reached XP level 6. HP: 26/51 MP: 6/6
  3347 | D:4      | Found a white marble altar of Elyvilon.
  3348 | D:4      | Became a worshipper of Beogh the Brigand
  3348 | D:4      | Reached * piety under Beogh
  3348 | D:4      | Reached ** piety under Beogh
  3372 | D:4      | Found a shadowy altar of Dithmenos.
  3598 | D:4      | Identified the ring of the Several Geomancers {rF+ Dex+6}
  3610 | D:4      | Found a sacrificial altar of Ru.
  3692 | D:4      | Reached skill level 10 in Axes
  3692 | D:4      | Reached XP level 7. HP: 39/57 MP: 7/7
  4007 | D:4      | Found a staircase to the Ecumenical Temple.
  4152 | D:5      | Entered Level 5 of the Dungeon
  4231 | D:5      | Reached skill level 1 in Polearms
  4247 | D:5      | Found a sand-covered staircase.
  4297 | Ossuary  | Entered an ossuary
  4329 | Ossuary  | Reached *** piety under Beogh
  4730 | D:5      | Reached XP level 8. HP: 64/64 MP: 8/8
  4752 | D:5      | Noticed a wyvern
  4910 | D:5      | Found a sparkling altar of Nemelex Xobeh.
  4958 | D:5      | Killed a wyvern
  4959 | D:5      | Reached skill level 5 in Polearms
  5050 | D:5      | Reached skill level 1 in Invocations
  5508 | D:5      | Found a shimmering blue altar of Sif Muna.
  5509 | D:5      | Found a broken altar of Ashenzari.
  5512 | D:5      | Reached XP level 9. HP: 70/70 MP: 11/11
  5659 | D:6      | Noticed a troll
  5733 | D:6      | Noticed Edmund
  5748 | D:6      | Killed Edmund
  6129 | D:6      | Reached skill level 5 in Invocations
  6231 | D:6      | Killed a troll
  6633 | D:7      | Noticed a gargoyle
  6637 | D:7      | Killed a gargoyle
  6732 | D:7      | Reached skill level 10 in Polearms
  6890 | D:7      | Reached XP level 10. HP: 77/77 MP: 15/15
  6917 | D:7      | Found a snail-covered altar of Cheibriados.
  7447 | D:8      | Noticed Maurice
  7450 | D:8      | Killed Maurice
  7850 | D:8      | Found a glowing silver altar of Zin.
  7852 | D:8      | Noticed Gastronok
  7875 | D:8      | Killed Gastronok
  8089 | D:8      | Noticed Joseph
  8093 | D:8      | Killed Joseph
  8789 | D:9      | Reached skill level 10 in Invocations
  8864 | D:9      | Found a hide-covered altar of Uskayaw.
  8946 | D:9      | Reached XP level 11. HP: 70/82 MP: 18/18
  9182 | D:9      | Noticed a two-headed ogre
  9186 | D:9      | Killed a two-headed ogre
  9415 | D:9      | Found a shimmering altar of Xom.
  9470 | D:9      | Found a roughly hewn altar of Beogh.
  9642 | D:9      | Found a staircase to the Orcish Mines.
  9702 | D:10     | Entered Level 10 of the Dungeon
  9705 | D:10     | Noticed a two-headed ogre
  9718 | D:10     | Killed a two-headed ogre
  9718 | D:10     | Slain by a troll

Illustrated notes

Levels and vault maps discovered:
D:1:      minmay_arrival_plants_in_alcoves, layout_loops_ring,
          chequers_serial_rivers_micro_e
D:2:      minmay_wonky_spiral, layout_rooms, minmay_misc_feat_columns,
          nicolae_shop_vocational, uniq_crazy_yiuf_cottage, uniq_robin
D:3:      kennysheep_the_goblin_king, layout_basic
D:4:      layout_basic, mainiacjoe_overflow_paths, nicolae_ru_awakened_eye,
          nicolae_dithmenos_the_darkroom, minmay_temple_entry_nine_rooms,
          lightli_corner_chamber
D:5:      cheibrodos_fzero, layout_rooms, gammafunk_temple_overflow_pools,
          nemelex_spade_bored_becter, serial_co_window_serial,
          co_window_paths_b, co_window_paths_a, co_window_corner_a,
          co_window_paths_a, co_window_of_opportunity_a,
          co_window_of_opportunity_a, co_window_of_opportunity_c,
          co_window_broadway_a, co_window_corner_b, co_window_broadway_b,
          co_window_corner_b, glass_columns_c, glass_columns_c,
          nicolae_ossuary_entry_monument, st_stairs_4
D:6:      layout_gridville, uniq_edmund
D:7:      layout_basic, kennysheep_slug_shrine
D:8:      layout_basic, amcnicky_altar_gilded, uniq_gastronok, uniq_joseph,
          uniq_maurice
D:9:      layout_small_grid, lemuel_doored_altar,
          nicolae_uskayaw_murder_on_the_dancefloor, david_orc_5
D:10:     minmay_inner_zag, layout_rooms, mainiacjoe_overflow_catwalk

Skill      XL: |  1  2  3  4  5  6  7  8  9 10 11 |
---------------+----------------------------------+-----
Axes           | 5 6 7 8 10 | 10.9
Polearms       | 4 7 10 12 | 12.8
Invocations    | 3 7 10 12 | 12.6
Fighting       | |  3.6
Dodging        | |  2.4

Action                     |  1- 3 |  4- 6 |  7- 9 | 10-12 || total
---------------------------+-------+-------+-------+-------++-------
  Melee: Hand axe          |   110 |   239 |    23 |       ||   372
         Trident           |       |       |   173 |   164 ||   337
         Flail             |       |       |    34 |       ||    34
  Throw: Dart              |       |       |     5 |     1 ||     6
         Throwing net      |       |       |       |     1 ||     1
 Invoke: Convert to Beogh  |       |     1 |       |       ||     1
         Smiting           |       |       |     6 |    17 ||    23
  Evoke: Wand              |       |     2 |       |       ||     2
    Use: Scroll            |     2 |     3 |    10 |     3 ||    18
         Potion            |       |     4 |       |       ||     4
   Stab: Invisible         |       |     1 |       |       ||     1
         Held in net/web   |       |       |       |     3 ||     3
 Armour: Robe              |     2 |       |       |       ||     2
         Chain mail        |    57 |   144 |   126 |       ||   327
         Ring mail         |       |       |    16 |    48 ||    64
  Dodge: Dodged            |    37 |    94 |    83 |    65 ||   279
  Block: Buckler           |       |     5 |    61 |     6 ||    72
         Tower shield      |       |       |       |   124 ||   124
